 Dungeon Crawl Stone Soup version 0.29.1-2-gbd0b4ee654 (webtiles) character file.

Game seed: 3117408285304325970

39 GorkyZ the Covered (level 3, -1/23 HPs)
             Began as a Gargoyle Fighter on Nov 29, 2022.
             Slain by an orc priest
             ... wielding a +0 morningstar
              (9 damage)
             ... on level 2 of the Dungeon.
             The game lasted 00:03:52 (1108 turns).

GorkyZ the Covered (Gargoyle Fighter)               Turns: 1108, Time: 00:03:53

Health: -1/23      AC: 14    Str: 21    XL:     3   Next: 47%
Magic:  3/3        EV: 10    Int:  8    God:
Gold:   122        SH:  0    Dex:  9    Spells: 2/2 levels left

rFire   . . .      SeeInvis .   e - +1 halberd (vamp)
rCold   . . .      Faith    .   (shield currently unavailable)
rNeg    + . .      Spirit   .   b - +0 scale mail
rPois   ∞          Reflect  .   (no helmet)
rElec   +          Harm     .   o - +2 cloak
rCorr   .          Rampage  .   k - +0 pair of gloves
Will    .....                   (no boots)
Stlth   ..........              (no amulet)
HPRegen 0.07/turn               (no ring)
MPRegen 0.08/turn               (no ring)

@: no status effects
A: sickness immunity, AC +3, negative energy resistance 1, electricity
resistance, torment resistance 1, petrification resistance
a: no special abilities


You were on level 2 of the Dungeon.
You visited 1 branch of the dungeon, and saw 2 of its levels.

You collected 122 gold pieces.

Inventory:

Hand Weapons
 a - a +0 war axe
 e - a +1 vampiric halberd (weapon)
Armour
 b - a +0 scale mail (worn)
 c - a +0 buckler
 k - a +0 pair of gloves (worn)
 o - a +2 cloak (worn)
Scrolls
 f - 4 scrolls of identify {unknown}
 g - a scroll of vulnerability {unknown}
 i - a scroll of summoning {unknown}
 l - a scroll of fear {unknown}
 p - a scroll of teleportation {unknown}
Potions
 d - a potion of might
 h - 2 potions of curing {unknown}
 j - a potion of invisibility {unknown}
 m - a potion of magic {unknown}
 n - a potion of brilliance {unknown}


   Skills:
 + Level 3.4 Fighting
 + Level 1.9(2.0) Axes
 + Level 0.1(1.1) Polearms
 * Level 0.6 Throwing
 + Level 3.5 Armour
 * Level 0.7 Dodging
 + Level 3.4 Shields
 * Level 1.3 Evocations


You had 2 spell levels left.
You didn't know any spells.
Your spell library contained the following spells:

 Spells                   Type           Power      Damage    Failure   Level
 Ensorcelled Hibernation  Hex/Ice        0%         N/A       87%         2
 Spider Form              Tmut/Pois      0%         N/A       98%         3
 Anguish                  Hex/Necr       0%         N/A       100%        4
 Summon Ice Beast         Ice/Summ       0%         N/A       100%        4
 Summon Mana Viper        Hex/Summ       0%         N/A       100%        5
 Monstrous Menagerie      Summ           0%         N/A       100%        7


Dungeon Overview and Level Annotations

Branches:
Dungeon (2/15)

Altars:


Innate Abilities, Weirdness & Mutations

You are immune to sickness and miasma.
Your stone body is resilient. (AC +3)
You are immune to poison.
You resist negative energy. (rN+)
You are resistant to electric shocks. (rElec)
You are resistant to unholy torment.
You are immune to petrification.


Message History

a +0 dagger; 5 stones; a kobold corpse
Found 5 stones.
An orc priest comes into view. It is wielding a +0 morningstar.
An orc comes into view. It is wielding a +0 short sword.
The orc shouts!
You hear a shout! x2; You hear an angry hiss.
An orc comes into view. It is wielding a +0 short sword.
You reach to attack!
You hit the orc priest.
The orc priest is lightly wounded.
An orc comes into view. It is wielding a +0 dagger.
You barely miss the orc priest.
The orc priest is lightly wounded.
The orc priest hits you with a +0 morningstar!
The orc priest barely misses you.
You barely miss the orc priest.
The orc priest is lightly wounded.
The orc priest hits you with a +0 morningstar!
* * * LOW HITPOINT WARNING * * *
You are too injured to fight recklessly!
You are too injured to fight recklessly!
You are too injured to fight recklessly!
You are too injured to fight recklessly!
You are too injured to fight recklessly!
You are too injured to fight recklessly!
You are too injured to fight recklessly!
You are too injured to fight recklessly!
You are too injured to fight recklessly!
You are too injured to fight recklessly!
You are too injured to fight recklessly!
You are too injured to fight recklessly!
You are too injured to fight recklessly!
You are too injured to fight recklessly!
You are too injured to fight recklessly!
You are too injured to fight recklessly!
You are too injured to fight recklessly!
You are too injured to fight recklessly!
You are too injured to fight recklessly!
You slash the orc priest!
You feel better.
The orc priest is heavily wounded.
The orc priest hits you with a +0 morningstar!
You die...

### #..##..
#....o. #..##o#
#..##.# #..##o#
#..##o# .#
#.(##@# .#.#
#..##.##...#
#..#...#...#
#..........#
#..........## ...
#.#.....#...##...
#........#......
###.#.###.#.....
#..).##>.#.#.##


You could see an orc priest and 3 orcs.

Vanquished Creatures
  A worm (D:2)
  5 ball pythons (D:1)
  4 endoplasms (D:1)
  A giant cockroach (D:1)
  5 goblins (D:1)
  3 hobgoblins (D:1)
  3 kobolds
  A quokka (D:1)
  2 bats (D:1)
  2 frilled lizards (D:1)
  9 rats (D:1)
36 creatures vanquished.

Notes
Turn   | Place    | Note
-------+----------+-------------------------------------------
     0 | D:1      | GorkyZ the Gargoyle Fighter began the quest for the Orb.
     0 | D:1      | Reached XP level 1. HP: 14/14 MP: 1/1
   123 | D:1      | Reached XP level 2. HP: 19/19 MP: 2/2
   438 | D:1      | Reached skill level 1 in Evocations
   459 | D:1      | Reached XP level 3. HP: 23/23 MP: 3/3
  1108 | D:2      | Slain by an orc priest

Illustrated notes

Levels and vault maps discovered:
D:1:      dpeg_arrival_ratfight, layout_basic
D:2:      minmay_door_path, layout_loops_ring, serial_shops, nicolae_shop_stone,
          nicolae_square_shop, minmay_pentomino_u2, uniq_crazy_yiuf_cottage

Skill      XL: |  1  2 |
---------------+-------+-----
Evocations     | 1 |  1.3
Fighting       | |  3.4
Axes           | |  1.9
Polearms       | |  0.1
Throwing       | |  0.6
Armour         | |  3.5
Dodging        | |  0.7
Shields        | |  3.4

Action                   || total
-------------------------++-------
Melee: War axe           ||     6
       Halberd           ||   118
Armor: Scale mail        ||   106
Dodge: Dodged            ||    60
Block: Buckler           ||     2
